 Yiufcrawl Soup (a DCSS fork) version 1.5.2b1-yiuf-19-g91104ff (webtiles) character file.

785 Halgar the Spear-Bearer (level 7, -2/34 HPs)
             Began as a Skeleton Gladiator on Feb 9, 2018.
             Was a Follower of Wu Jian.
             Slain by a river rat (6 damage)
             ... summoned by Eustachio
             ... on level 5 of the Dungeon.
             The game lasted 00:35:32 (6128 turns).

Halgar the Spear-Bearer (Skeleton Gladiator)        Turns: 6128, Time: 00:35:32

Health: -2/34      AC: 10    Str: 15    XL:     7   Next: 86%
Magic:  7/7        EV: 13    Int:  8    God:    Wu Jian [*.....]
Gold:   282        SH:  0    Dex: 16    Spells: 6/6 levels left

rFire    . . .     SeeInvis .   u - +0 spear
rCold    + . .     Gourm    .   (no shield)
rNeg     + + +     Faith    .   t - +3 ring mail
rPois    ∞         Spirit   .   c - +1 helmet
rElec    .         Reflect  .   (no cloak)
rCorr    .         Harm     .   (no gloves)
MR       .....                  (no boots)
Stlth    +.........             (no amulet)
Regen    0.2/turn               r - +4 ring of slaying
MPRegen  0.1/turn               (no ring)

@: no status effects
A: no food or potions, cold resistance 1, negative energy resistance 3, torment
resistance, unbreathing
a: Reap, Renounce Religion


You were on level 5 of the Dungeon.
You worshipped Wu Jian.
Wu Jian was aware of your devotion.
You were not hungry.

You visited 2 branches of the dungeon, and saw 6 of its levels.

You collected 282 gold pieces.

Inventory:

Hand Weapons
 a - a +0 trident
 m - a +0 hunting sling
 n - a +0 scythe
 p - a +0 arbalest
 q - a +0 dagger of venom
 u - a +0 spear (weapon)
Missiles
 d - a throwing net
 f - 97 stones (quivered)
 g - 14 poisoned needles
Armour
 c - a +1 helmet (worn)
 e - a +0 chain mail
 i - a +0 helmet
 k - a +2 leather armour of poison resistance
 t - a +3 ring mail (worn)
Jewellery
 r - a +4 ring of slaying (left hand)
Scrolls
 b - 4 scrolls of identify
 h - 2 scrolls of enchant armour
 j - a scroll of immolation {unknown}
 l - 3 scrolls of remove curse
 o - 5 scrolls of teleportation
 s - a scroll of recharging {unknown}


   Skills:
 - Level 1.7 Fighting
 + Level 8.2 Polearms
 - Level 2.3 Throwing
 + Level 3.6 Armour
 + Level 4.4 Dodging


You had 6 spell levels left.
You didn't know any spells.

Dungeon Overview and Level Annotations

Branches:
Dungeon (5/15)             Temple (1/1) D:4

Altars:
Ashenzari
Elyvilon
Gozag
Kikubaaqudgha
Makhleb
Nemelex Xobeh
Ru
Sif Muna
Trog
Uskayaw
Vehumet
Wu Jian
Xom
Yredelemnul
Zin
The Shining One
Jiyva

Annotations:
D:5 Eustachio


Innate Abilities, Weirdness & Mutations

You can enter a murderous trance until all living enemies are dead.
You do not eat or drink.
You are immune to poison.
Your flesh is cold resistant. (rC+)
You are immune to negative energy. (rN+++)
You are immune to unholy pain and torment.
You can survive without breathing.


Message History

Eustachio is heavily wounded.
The river rat closely misses you. The rat closely misses you.
The rat bites you but does no damage. The river rat barely misses you.
Fire/throw which item? (* to show all) (? for menu, Esc to quit)
Press: ? - help, Shift-Dir - straight line, f/p - Eustachio
Aim: Eustachio, wielding a falchion of holy wrath and wearing a runed leather armour (heavily wounded)
You throw a throwing net.
The throwing net barely misses Eustachio.
Eustachio yells, "Perjured traitor, DIE!"
Eustachio hits you but does no damage.
The river rat bites you but does no damage.
The rat barely misses you. The rat closely misses you.
Fire/throw which item? (* to show all) (? for menu, Esc to quit)
Press: ? - help, Shift-Dir - straight line, f/p - Eustachio
Aim: Eustachio, wielding a falchion of holy wrath and wearing a runed leather armour (heavily wounded)
You throw a throwing net. The throwing net hits Eustachio.
Eustachio is caught in the net!
Eustachio is heavily wounded.
The river rat bites you.
You die...

#.......#
#######'
##....###
#. #....#
#. #...##
#. #...#
#.
#...#####
#.
#...(...#
#.
#..r@r..#
#.
#..r@r..#
#.
###.....#
#.
#.....#
#.
#.....#
#.
#.....#
#.
#....?#
#######


You could see Eustachio (caught), 2 river rats and 2 rats.

Vanquished Creatures
  A water moccasin skeleton (D:5)
  3 orc priests
  2 hounds (D:4)
  6 orc wizards
  Natasha (twice) (D:4)
  2 worker ants
  A killer bee zombie (D:5)
  Robin (D:3)
  7 gnolls
  8 adders
  An ooze (D:1)
  4 worms
  3 dart slugs
  5 leopard geckos
  19 orcs
  11 bats
  8 giant cockroaches
  23 goblins
  10 hobgoblins
  2 jackals (D:2)
  A quokka (D:2)
  2 frilled lizards
  10 kobolds
  A quokka skeleton (D:5)
  5 rats
138 creatures vanquished.

Notes
Turn   | Place    | Note
-------+----------+-------------------------------------------
     0 | D:1      | Halgar the Skeleton Gladiator began the quest for the Orb.
     0 | D:1      | Reached XP level 1. HP: 10/10 MP: 1/1
   165 | D:1      | Reached XP level 2. HP: 14/14 MP: 2/2
   471 | D:1      | Reached skill level 4 in Polearms
   471 | D:1      | Reached XP level 3. HP: 14/18 MP: 3/3
  1118 | D:2      | Reached XP level 4. HP: 23/23 MP: 4/4
  1478 | D:2      | Reached skill level 1 in Armour
  2130 | D:2      | Reached skill level 5 in Polearms
  2134 | D:2      | Reached XP level 5. HP: 19/26 MP: 5/5
  3304 | D:3      | Reached XP level 6. HP: 21/30 MP: 6/6
  3467 | D:3      | Reached skill level 6 in Polearms
  4061 | D:3      | Noticed Robin
  4135 | D:3      | Killed Robin
  4428 | D:3      | Reached XP level 7. HP: 7/34 MP: 7/7
  4867 | D:4      | Found a radiant altar of Vehumet.
  4869 | D:4      | Found an opulent altar of Gozag.
  4871 | D:4      | Found a shattered altar of Ashenzari.
  4888 | D:4      | Reached skill level 7 in Polearms
  4969 | D:4      | Found a staircase to the Ecumenical Temple.
  4975 | Temple   | Entered the Ecumenical Temple
  5109 | Temple   | Became a worshipper of the Wu Jian Council
  5189 | D:4      | Found a shimmering altar of Xom.
  5191 | D:4      | Found a shimmering altar of Xom.
  5193 | D:4      | Found a shimmering altar of Xom.
  5193 | D:4      | Found a sacrificial altar of Ru.
  5193 | D:4      | Found a faded altar of an unknown god.
  5193 | D:4      | Found a viscous altar of Jiyva.
  5193 | D:4      | Found a shimmering altar of Xom.
  5193 | D:4      | Found a shimmering altar of Xom.
  5193 | D:4      | Found a shimmering altar of Xom.
  5282 | D:4      | Noticed Natasha
  5288 | D:4      | Killed Natasha
  5343 | D:4      | Found a basalt altar of Yredelemnul.
  5408 | D:4      | Noticed Natasha
  5415 | D:4      | Killed Natasha
  5487 | D:5      | Entered Level 5 of the Dungeon
  5849 | D:5      | Reached skill level 8 in Polearms
  5859 | D:5      | Reached * piety under Wu Jian
  6059 | D:5      | Found a burning altar of Makhleb.
  6091 | D:5      | Noticed Eustachio
  6128 | D:5      | Slain by a river rat

Skill      XL: |  1  2  3  4  5  6  7 |
---------------+----------------------+-----
Polearms       | 4 5 6 8 |  8.2
Armour         | 1 2 3 |  3.6
Dodging        | 4 |  4.4
Fighting       | |  1.7
Throwing       | |  2.3

Action                   |  1- 3 |  4- 6 |  7- 9 || total
-------------------------+-------+-------+-------++-------
Melee: Trident           |    89 |   228 |   100 ||   417
       Spear             |       |       |    46 ||    46
Throw: Stone             |     3 |       |       ||     3
       Throwing net      |       |       |     3 ||     3
 Abil: Reap              |       |     2 |     1 ||     3
  Use: Scroll            |       |     6 |       ||     6
 Stab: Held in net/web   |       |       |     1 ||     1
Armor: Leather armour    |    21 |    73 |     6 ||   100
       Ring mail         |       |       |    38 ||    38
Dodge: Dodged            |    60 |   124 |    93 ||   277
